 Dungeon Crawl Stone Soup version 0.31-a0-16-g6d2539766c (webtiles) character file.

Game seed: 4313324749557054636

464 ytrimaz the Magician (level 7, -1/52 HPs)
             Began as a Meteoran Transmuter on May 8, 2023.
             Slain by a gnoll
             ... wielding a +0 flail
              (12 damage)
             ... on level 5 of the Dungeon.
             The game lasted 00:04:41 (2435 turns).

ytrimaz the Magician (Meteoran Transmuter)          Turns: 2435, Time: 00:04:42

Health: -1/52      AC:  2    Str: 13    XL:     7   Next: 55%
Magic:  23/24      EV: 21    Int: 16    God:
Gold:   139        SH:  0    Dex: 19    Spells: 10/16 levels left

rFire   . .          .
                       - Unarmed
rCold   . . .        (shield currently unavailable)
rNeg    . . .        o - melded +1 robe of Melancholy {Harm Dex+5}
rPois   x            g - melded +2 helmet
rElec   .            (cloak currently unavailable)
rCorr   .            n - melded +1 pair of gloves "Nexuomn" {rN+ Str+8 Dex-3}
SInv    .            (boots currently unavailable)
Will    .....        (no amulet)
Stlth   +            k - ring of magical power
HPRegen 0.28/turn    (no ring)
MPRegen 0.19/turn

%: no passive effects
@: spider-form, glowing
A: venomous fangs, tiny, sense surroundings 1, otherworldly, glowing, explore
regen
a: End Transformation


You were on level 5 of the Dungeon.
You were a venomous arachnid creature.
You visited 1 branch of the dungeon, and saw 5 of its levels.

You collected 209 gold pieces.
You spent 70 gold pieces at shops.


Innate Abilities, Weirdness & Mutations

You are a venomous arachnid creature.
You have venomous fangs.
You are tiny and dextrous.
Your spellcasting is less reliable in this form.
Your armour is entirely melded.
You are incapable of wielding weapons or throwing items.
You passively map a small area around you.
You are easily found by Zot.
You glow in the dark.
You regain HP and MP as you explore.


   Skills:
 - Level 1.1 Fighting
 - Level 3.5 Dodging
 - Level 4.4 Unarmed Combat
 + Level 5.2 Spellcasting
 + Level 5.0 Transmutations
 - Level 4.0 Poison Magic


You had 10 spell levels left.
You knew the following spells:

 Your Spells              Type           Power      Damage    Failure   Level
a - Beastly Appendage     Tmut           40%        N/A       8%          1
b - Wereblood             Tmut           20%        N/A       10%         2
c - Spider Form           Tmut/Pois      18%        N/A       19%         3

Your spell library contained the following spells:

 Spells                   Type           Power      Damage    Failure   Level
 Blink                    Tloc           8%         N/A       43%         2
 Lesser Beckoning         Tloc           8%         N/A       43%         2
 Momentum Strike          Conj/Tloc      8%         3d8       43%         2
 Inner Flame              Hex/Fire       4%         N/A       63%         3
 Ice Form                 Ice/Tmut       12%        N/A       67%         4
 Flame Wave               Conj/Fire      4%         2d5       94%         4
 Sticky Flame             Conj/Fire      4%         2d3       94%         4

Inventory:

Armour
 a - a +1 robe
 g - a +2 helmet (melded)
   (You found it on level 1 of the Dungeon)
 n - the +1 pair of gloves "Nexuomn" (melded) {rN+ Str+8 Dex-3}
   (You found it on level 4 of the Dungeon)

   Str:       It affects your strength (+8).
   Dex:       It affects your dexterity (-3).
   rN:        It protects you from negative energy.
 o - the +1 robe of Melancholy (melded) {Harm Dex+5}
   (You found it on level 4 of the Dungeon)

   Dex:       It affects your dexterity (+5).
   Harm:      It increases damage dealt and taken.
Jewellery
 k - a ring of magical power (left front pincers)
   (You found it on level 3 of the Dungeon)
Scrolls
 d - a scroll of identify
 l - a scroll of enchant armour
 m - a scroll of teleportation {unknown}
Potions
 b - a potion of lignification
 c - a potion of attraction {unknown}
 e - 2 potions of mutation
 f - a potion of might {unknown}
 h - 3 potions of haste
 i - a potion of cancellation {unknown}
 j - a potion of berserk rage

Dungeon Overview and Level Annotations

Branches:
Dungeon (5/15) Zot: 583
 Temple: D:4-7

Altars:
Wu Jian

Shops:
D:3

! #....##..#.#####
#......#)#...
#......#.#.# .. ,
####...>...#...# *
####.........# * ,
* * .......[.#####
, ..#####....# ,*
######?.#)### , ,,
*#......$.s..# *
...(......g.....#
..#####..........#
####..###... *
#...# ,.. #.#.# .
, #.#.# , * #....
, ,


You could see a gnoll (extremely poisoned).


Message History

Your primal bloodlust is almost over.
The gnoll shouts! x2; You hear a shout! x2
A gnoll comes into view. It is wielding a +0 whip. 😎 MP[+2]
You regained 2 mp, and now have 21/24 mp.
You see here a scroll of identify. 😎 MP[+2]
You regained 2 mp, and now have 23/24 mp.
Unknown command.
You see here 20 gold pieces.
An ogre comes into view. It is wielding a +0 giant spiked club.
The gnoll hits you with a +0 spear. 😕 HP[-5] MP[+1]
You take 5 damage, and now have 47/52 hp.
Your mp is fully restored (24).
You hit the gnoll.
The gnoll is poisoned.
You hiss as the wereblood boils in your veins!
The gnoll misses you. The gnoll completely misses you.
Unknown command.
You bite the gnoll!
You feel a bit better.
You kill the gnoll!
Your transformation has ended.
Your +2 helmet unmelds from your body.
The +1 pair of gloves "Nexuomn" {rN+ Str+8 Dex-3} unmelds from your body.
The +1 robe of Melancholy {Harm Dex+5} unmelds from your body.
The gnoll hits you but does no damage.
You hit the gnoll.
Your primal bloodlust has ended.
The gnoll barely misses you.
The gnoll hits you with a +0 flail. 😕 HP[+1]
You barely miss the gnoll. The gnoll hits you but does no damage.
The gnoll misses you.
Unknown command.
You hit the gnoll but do no damage.
Casting: Spider Form (dangerous; 9% risk of failure)
Confirm with . or Enter, or press ? or * to list all spells.
You turn into a venomous arachnid creature.
Your +2 helmet melds into your body.
The +1 pair of gloves "Nexuomn" {rN+ Str+8 Dex-3} melds into your body.
The +1 robe of Melancholy {Harm Dex+5} melds into your body.
The gnoll hits you with a +0 whip.
The gnoll completely misses you. 😕 HP[-6] MP[-3]
You take 6 damage, and now have 42/52 hp.
You lost 3 mp, and now have 21/24 mp.
Unknown command.
You hit the gnoll.
The gnoll closely misses you. x2 😕 HP[+1]
You barely miss the gnoll. The gnoll barely misses you.
The ogre barely misses you.
The gnoll hits you with a +0 flail! 😮 HP[-12]
You take 12 damage, and now have 31/52 hp.
MASSIVE DAMAGE!! (PAUSE)
You hit the ogre. The gnoll misses you. The gnoll closely misses you.
The ogre completely misses you.
You hit the ogre.
The ogre is poisoned.
The gnoll closely misses you.
The gnoll hits you with a +0 whip. 😮 HP[-4]
You take 4 damage, and now have 27/52 hp.
Unknown command.
You hit the ogre.
The ogre looks as sick as possible!
The gnoll misses you. The gnoll completely misses you.
The ogre barely misses you. 😮 HP[+1] MP[+1]
You bite the ogre!
The ogre looks as sick as possible!
The gnoll misses you. The gnoll barely misses you.
Unknown command.
You hit the ogre but do no damage. The ogre misses you. The gnoll misses you.
The gnoll closely misses you.
You hit the ogre.
You kill the ogre!
The gnoll hits you with a +0 flail!
* * * LOW HITPOINT WARNING * * *
The gnoll misses you.
Your Spellcasting skill increases to level 5!
Your Transmutations skill increases to level 5! 😨 HP[-7]
You take 7 damage, and now have 21/52 hp.
Unknown command.
You hit the gnoll but do no damage.
The gnoll is poisoned.
The gnoll completely misses you. The gnoll hits you with a +0 flail!
* * * LOW HITPOINT WARNING * * *
😨 HP[-7]
You take 7 damage, and now have 14/52 hp.
You bite the gnoll!
You kill the gnoll!
The gnoll hits you with a +0 flail.
* * * LOW HITPOINT WARNING * * *
😱 HP[-6] MP[+1]
You take 6 damage, and now have 8/52 hp.
Unknown command.
The gnoll misses you.
Things that are here:
a +0 whip; a +0 spear; 😱 HP[+2]
You regained 2 hp, and now have 10/52 hp.
You hit the gnoll.
The gnoll looks as sick as possible!
The gnoll closely misses you.
Unknown command.
You completely miss the gnoll. 😱 HP[+1]
You hit the gnoll but do no damage. The gnoll hits you with a +0 flail!
You die...

Skill      XL: |  1  2  3  4  5  6  7 |
---------------+----------------------+-----
Spellcasting   | 3 4 5 |  5.2
Unarmed Combat | 4 |  4.4
Dodging        | 3 |  3.5
Transmutations | 3 4 5 |  5.0
Poison Magic   | 2 3 4 |  4.0
Fighting       | |  1.1

Action                     |  1- 3 |  4- 6 |  7- 9 || total
---------------------------+-------+-------+-------++-------
  Melee: Unarmed           |    57 |   168 |    20 ||   245
         Kick              |    11 |    19 |       ||    30
         Headbutt          |     5 |    11 |       ||    16
         Punch             |     1 |     1 |       ||     2
   Cast: Beastly Appendage |    14 |    21 |       ||    35
         Wereblood         |     4 |     4 |       ||     8
         Spider Form       |       |     9 |     1 ||    10
    Use: Scroll            |     2 |     5 |       ||     7
 Armour: Robe              |    12 |    30 |     2 ||    44
         Skin              |       |     1 |       ||     1
  Dodge: Dodged            |    36 |   111 |    25 ||   172

Levels and vault maps discovered:
D:1:      matt_arrival_grand_opening, layout_basic
D:2:      layout_loops_cross, serial_shops, nicolae_shop_behind_doors,
          grunt_ministairs_4, st_stairs_12, roderic_serpentine_path,
          skrybe_limestone_x, minmay_hedge_maze, dreamdust_wishing_well,
          minmay_lizard_king
D:3:      layout_loops_cross, mainiacjoe_overflow_brackets, serial_shops, shop,
          shapermc_ecumenical_altar_hornbeckon
D:4:      layout_basic
D:5:      layout_rooms, uniq_menkaure

Notes
Turn   | Place    | Note
-------+----------+-------------------------------------------
     0 | D:1      | ytrimaz the Meteoran Transmuter began the quest for the
                  | Orb.
     0 | D:1      | Reached XP level 1. HP: 16/16 MP: 5/5
     0 | D:1      | magus.rc [v1.9.6]
   120 | D:1      | Reached XP level 2. HP: 23/23 MP: 4/6
   123 | D:1      | Learned a level 2 spell: Wereblood
   214 | D:1      | Reached skill level 3 in Spellcasting
   259 | D:1      | Reached XP level 3. HP: 24/28 MP: 4/8
   265 | D:1      | Reached skill level 4 in Unarmed Combat
   458 | D:1      | Reached skill level 3 in Dodging
   546 | D:2      | Reached skill level 3 in Transmutations
   646 | D:2      | Reached XP level 4. HP: 28/35 MP: 6/9
  1158 | D:3      | Found Suronihi's Distillery.
  1166 | D:3      | Bought a potion of berserk rage for 70 gold pieces
  1170 | D:3      | Learned a level 3 spell: Spider Form
  1232 | D:3      | Reached XP level 5. HP: 34/40 MP: 8/11
  1414 | D:3      | You pick up a book of Spatial Translocations and begin
                  | reading...
  1414 | D:3      | You add the spells Blink, Momentum Strike and Lesser
                  | Beckoning to your library.
  1600 | D:3      | Reached skill level 1 in Poison Magic
  1656 | D:3      | Found an ornate altar of the Wu Jian Council.
  1711 | D:3      | Glimpsed the power of Zot.
  1793 | D:4      | HP: 10/40 [sleepcap (7)]
  1795 | D:4      | Reached skill level 4 in Spellcasting
  1795 | D:4      | Reached skill level 2 in Poison Magic
  1795 | D:4      | Reached XP level 6. HP: 12/47 MP: 13/13
  1854 | D:4      | HP: 7/47 [gnoll/+0 spear (8)]
  1859 | D:4      | HP: 6/47 [gnoll/+0 spear (6)]
  1862 | D:4      | Reached skill level 4 in Transmutations
  2267 | D:4      | Identified the +1 robe of Melancholy {Harm Dex+5}
  2271 | D:4      | Identified the +1 pair of gloves "Nexuomn" {rN+ Str+8
                  | Dex-3}
  2314 | D:4      | Glimpsed the power of Zot.
  2344 | D:5      | Entered Level 5 of the Dungeon
  2355 | D:5      | Reached skill level 3 in Poison Magic
  2404 | D:5      | Reached XP level 7. HP: 45/52 MP: 15/15
  2406 | D:5      | Reached skill level 4 in Poison Magic
  2411 | D:5      | You pick up a book of Flames and begin reading...
  2411 | D:5      | You add the spells Inner Flame, Sticky Flame and Flame Wave
                  | to your library.
  2430 | D:5      | Reached skill level 5 in Spellcasting
  2430 | D:5      | Reached skill level 5 in Transmutations
  2431 | D:5      | HP: 8/52 [gnoll/+0 flail (6)]
  2435 | D:5      | Slain by a gnoll

Vanquished Creatures
  An ogre (D:5)
  A scorpion (D:5)
  A hound (D:5)
  A sleepcap (D:4)
  An orc wizard (D:3)
  6 adders
  7 gnolls
  5 worms
  3 dart slugs
  14 orcs
  8 endoplasms
  3 giant cockroaches
  5 goblins
  6 hobgoblins
  3 jackals (D:1)
  A quokka (D:1)
  4 ball pythons
  4 bats
  9 frilled lizards (D:2)
  4 kobolds
  4 rats
91 creatures vanquished.

Table legend:
 A = Non-vault XP
 B = Vault XP
 C = Vault XP percentage of total XP
 D = Non-vault monster count
 E = Vault monster count
 F = Vault count percentage of total count
                 A         B        C        D         E       F
            +---------+---------+-------+---------+---------+-------
      Total |     647 |      17 |   2.6 |      79 |      12 |  13.2
            +---------+---------+-------+---------+---------+-------
        D:1 |      35 |       0 |   0.0 |      18 |       0 |   0.0
        D:2 |      55 |      17 |  23.6 |      15 |      12 |  44.4
        D:3 |      94 |       0 |   0.0 |      19 |       0 |   0.0
        D:4 |     115 |       0 |   0.0 |      14 |       0 |   0.0
        D:5 |     348 |       0 |   0.0 |      13 |       0 |   0.0
            +---------+---------+-------+---------+---------+-------

Skill      XL: |  1  2  3  4  5  6  7 |
---------------+----------------------+-----
Spellcasting   | 3 4 5 |  5.2
Unarmed Combat | 4 |  4.4
Dodging        | 3 |  3.5
Transmutations | 3 4 5 |  5.0
Poison Magic   | 2 3 4 |  4.0
Fighting       | |  1.1

Action                     |  1- 3 |  4- 6 |  7- 9 || total
---------------------------+-------+-------+-------++-------
  Melee: Unarmed           |    57 |   168 |    20 ||   245
         Kick              |    11 |    19 |       ||    30
         Headbutt          |     5 |    11 |       ||    16
         Punch             |     1 |     1 |       ||     2
   Cast: Beastly Appendage |    14 |    21 |       ||    35
         Wereblood         |     4 |     4 |       ||     8
         Spider Form       |       |     9 |     1 ||    10
    Use: Scroll            |     2 |     5 |       ||     7
 Armour: Robe              |    12 |    30 |     2 ||    44
         Skin              |       |     1 |       ||     1
  Dodge: Dodged            |    36 |   111 |    25 ||   172

Illustrated notes

Table legend:
 A = Kills in this place as a percentage of kills in the entire game.
 B = Kills by you in this place as a percentage of kills by you in the entire game.
 C = Kills by friends in this place as a percentage of kills by friends in the entire game.
 D = Other kills in this place as a percentage of other kills in the entire game.
 E = Experience gained in this place as a percentage of experience gained in the entire game.
 F = Experience gained in this place divided by the number of levels of this place that you have seen.
                   A       B       C       D       E      F
               +-------+-------+-------+-------+-------+----------------------
         Total | 100.0 | 100.0 |   N/A |   N/A | 100.0 | 132.8
       Dungeon | 100.0 | 100.0 |   N/A |   N/A | 100.0 | 132.8
               +-------+-------+-------+-------+-------+----------------------

Table legend: (Time is in decaauts)
 A = Elapsed time spent in this place.
 B = Non-inter-level travel time spent in this place.
 C = Inter-level travel time spent in this place.
 D = Time resting spent in this place.
 E = Time spent auto-exploring this place.
 F = Levels seen in this place.
 G = Mean time per level.
                   A        B        C        D        E       F      G
               +--------+--------+--------+--------+--------+-----+--------+
         Total |   2415 |   2373 |     42 |      0 |   1700 |   5 |  483.0 |
       Dungeon |   2415 |   2373 |     42 |      0 |   1700 |   5 |  483.0 |
               +--------+--------+--------+--------+--------+-----+--------+

Top non-repeatable levels by time:
     D:3: 647 daAuts
     D:2: 597 daAuts
     D:4: 587 daAuts
     D:1: 496 daAuts
     D:5: 86 daAuts
